[ PARTIDA AOE2 · #459263220 ]
UnrankedMalayos vs Lithuanians
[ ANÁLISIS DE REPETICIÓN · EXTRAÍDO DE LA PARTIDA GRABADA ]
Feudal
8:24
Castillos
22:57
Imperial
32:15
| APM promedio | 56.5 |
| APM pico | 89 |
| eAPM promedio | 29.0 |
| Aldeanos / militares | 100 / 733 |
Foco
⚔️ 49.8% · 🌾 50.2%
Spearman ×311 · Militia ×177 · Archer ×113 · Scorpion ×50 · Skirmisher ×46 · Fishing Ship ×40
Feudal
12:25
Castillos
17:06
Imperial
32:28
| APM promedio | 28.6 |
| APM pico | 57 |
| eAPM promedio | 20.8 |
| Aldeanos / militares | 126 / 764 |
Foco
⚔️ 38.5% · 🌾 61.5%
Scout Cavalry ×458 · Skirmisher ×116 · Leitis ×111 · Trade Cart ×80 · Knight ×70 · Fishing Ship ×69
Feudal
10:50
Castillos
18:01
Imperial
30:48
| APM promedio | 53.8 |
| APM pico | 88 |
| eAPM promedio | 27.3 |
| Aldeanos / militares | 120 / 429 |
Foco
⚔️ 40.2% · 🌾 59.8%
Scout Cavalry ×218 · Skirmisher ×100 · Knight ×54 · Fishing Ship ×51 · Mangonel ×35 · Trade Cart ×31
Feudal
10:55
Castillos
23:28
Imperial
39:09
| APM promedio | 24.2 |
| APM pico | 67 |
| eAPM promedio | 17.8 |
| Aldeanos / militares | 126 / 456 |
Foco
⚔️ 33.4% · 🌾 66.6%
Skirmisher ×339 · Elephant Archer ×67 · Hand Cannoneer ×21 · Fishing Ship ×9 · Trebuchet (Packed) ×6 · Galley ×5
Feudal
11:02
Castillos
17:43
Imperial
33:24
| APM promedio | 25.3 |
| APM pico | 67 |
| eAPM promedio | 17.2 |
| Aldeanos / militares | 158 / 627 |
Foco
⚔️ 35.8% · 🌾 64.2%
Skirmisher ×434 · Camel Scout ×122 · Hand Cannoneer ×44 · Trade Cart ×27 · Bombard Cannon ×20 · Ghulam ×7
Feudal
11:06
Castillos
15:27
Imperial
30:27
| APM promedio | 31.7 |
| APM pico | 110 |
| eAPM promedio | 21.9 |
| Aldeanos / militares | 256 / 254 |
Foco
⚔️ 35.9% · 🌾 64.1%
Elephant Archer ×197 · Trade Cart ×45 · Bombard Cannon ×42 · Scout Cavalry ×15
Feudal
10:51
Castillos
14:37
Imperial
29:05
| APM promedio | 52.3 |
| APM pico | 118 |
| eAPM promedio | 27.3 |
| Aldeanos / militares | 125 / 412 |
Foco
⚔️ 47.5% · 🌾 52.5%
Mangudai ×253 · Trade Cart ×103 · Mangonel ×81 · Battering Ram ×77 · Fishing Ship ×49 · Monk ×1
Feudal
11:30
Castillos
15:40
Imperial
30:09
| APM promedio | 35.6 |
| APM pico | 87 |
| eAPM promedio | 17.3 |
| Aldeanos / militares | 168 / 485 |
Foco
⚔️ 40.7% · 🌾 59.3%
Spearman ×280 · Skirmisher ×150 · Bombard Cannon ×50 · Trade Cart ×46 · Hussite Wagon ×5
Mapa de la partida
Recursos iniciales + cada clic de construcción. Líneas = muros · curvas = relieve. ◆ oro · ⬟ piedra · ● bayas · ✦ reliquia · ◌ hueco del cierre
Tu base· ✓ Cerrada en 22:57 · 37t muro · 4 puerta(s)
Base de Maxcard· ✓ Cerrada en 17:06 · 80t muro · sin puerta
Base de JayZaddy· ✓ Cerrada en 18:01 · 35t muro · sin puerta
Base de BderT· ✓ Cerrada en 23:28 · 45t muro · sin puerta
Base de nicke· Abierta — el rival se encerró
Base de cowboy· Abierta — el rival se encerró
Base de qso214· Abierta — el rival se encerró
Base de game122· ✓ Cerrada en 15:40 · 10t muro · sin puerta
Terreno inicial suavizado · ◌ = hueco del cierre detectado · pasá el cursor para detalles
Inputs por minuto
— Saliniho - - Maxcard
Build order — Saliniho
Primeras 150 de 688 acciones detectadas
| 0:01 | Crear | Villager (Male) |
| 0:02 | Construir | House |
| 0:03 | Construir | House |
| 0:06 | Crear | Villager (Male) |
| 0:06 | Crear | Villager (Male) |
| 0:07 | Crear | Villager (Male) |
| 1:28 | Crear | Villager (Male) |
| 2:05 | Crear | Villager (Male) |
| 2:27 | Crear | Villager (Male) |
| 2:27 | Crear | Villager (Male) |
| 2:27 | Crear | Villager (Male) |
| 2:29 | Construir | Lumber Camp |
| 2:54 | Crear | Villager (Male) |
| 2:54 | Crear | Villager (Male) |
| 3:38 | Crear | Villager (Male) |
| 3:38 | Crear | Villager (Male) |
| 3:44 | Construir | House |
| 4:24 | Crear | Villager (Male) |
| 4:39 | Construir | Mining Camp |
| 4:57 | Crear | Villager (Male) |
| 5:23 | Crear | Villager (Male) |
| 5:42 | Crear | Villager (Male) |
| 6:01 | Construir | House |
| 6:15 | Crear | Villager (Male) |
| 6:36 | Crear | Villager (Male) |
| 7:03 | Investigar | Feudal Age |
| 7:23 | Construir | Barracks |
| 7:52 | Crear | Villager (Male) |
| 8:24 | Edad | Edad Feudal |
| 8:24 | Investigar | Loom |
| 8:26 | Construir | Archery Range |
| 8:40 | Construir | Watch Tower |
| 8:41 | Crear | Villager (Male) |
| 8:56 | Construir | House |
| 9:26 | Crear | Villager (Male) |
| 9:28 | Crear | Archer |
| 9:40 | Construir | Blacksmith |
| 9:44 | Construir | House |
| 9:49 | Crear | Archer |
| 9:57 | Crear | Villager (Male) |
| 10:14 | Crear | Archer |
| 10:19 | Construir | Palisade Gate |
| 10:22 | Construir | Palisade Gate |
| 10:39 | Crear | Villager (Male) |
| 10:46 | Crear | Villager (Male) |
| 10:57 | Construir | Stone Wall |
| 11:00 | Construir | Gate |
| 11:06 | Construir | Stone Wall |
| 11:07 | Crear | Villager (Male) |
| 11:08 | Crear | Archer |
| 11:13 | Construir | Mill |
| 11:38 | Construir | House |
| 11:46 | Crear | Villager (Male) |
| 12:09 | Crear | Archer |
| 12:13 | Crear | Villager (Male) |
| 12:28 | Construir | House |
| 12:30 | Construir | House |
| 12:32 | Construir | House |
| 12:47 | Crear | Villager (Male) |
| 12:48 | Crear | Archer |
| 12:58 | Construir | Farm |
| 12:59 | Construir | Farm |
| 12:59 | Construir | Farm |
| 12:59 | Construir | Farm |
| 12:59 | Construir | Farm |
| 13:00 | Construir | Farm |
| 13:33 | Construir | Palisade Gate |
| 13:39 | Crear | Villager (Male) |
| 13:49 | Crear | Archer |
| 13:50 | Crear | Archer |
| 14:06 | Crear | Villager (Male) |
| 14:08 | Construir | Farm |
| 14:13 | Investigar | Fletching |
| 14:35 | Crear | Villager (Male) |
| 14:47 | Crear | Villager (Male) |
| 14:50 | Construir | House |
| 15:00 | Crear | Archer |
| 15:16 | Construir | House |
| 15:17 | Construir | House |
| 15:17 | Construir | House |
| 15:20 | Construir | Palisade Wall |
| 15:30 | Crear | Archer |
| 15:31 | Crear | Villager (Male) |
| 15:50 | Construir | Stone Wall |
| 15:56 | Crear | Villager (Male) |
| 16:03 | Construir | House |
| 16:16 | Crear | Villager (Male) |
| 16:33 | Crear | Villager (Male) |
| 16:37 | Construir | Dock |
| 17:02 | Crear | Villager (Male) |
| 17:05 | Crear | Archer |
| 17:32 | Crear | Villager (Male) |
| 17:37 | Investigar | Double-Bit Axe |
| 17:44 | Construir | House |
| 17:45 | Crear | Fishing Ship |
| 17:45 | Crear | Fishing Ship |
| 18:01 | Construir | Stone Wall |
| 18:02 | Construir | Stone Wall |
| 18:03 | Construir | Stone Wall |
| 18:05 | Construir | Stone Wall |
| 18:05 | Construir | Stone Wall |
| 18:06 | Construir | Stone Wall |
| 18:07 | Construir | Stone Wall |
| 18:07 | Construir | Stone Wall |
| 18:08 | Construir | Stone Wall |
| 18:08 | Construir | Stone Wall |
| 18:08 | Construir | Stone Wall |
| 18:08 | Construir | Stone Wall |
| 18:10 | Crear | Villager (Male) |
| 18:37 | Crear | Villager (Male) |
| 18:56 | Construir | Dock |
| 18:57 | Crear | Fishing Ship |
| 18:58 | Crear | Fishing Ship |
| 18:59 | Crear | Transport Ship |
| 19:00 | Investigar | Tech 906 |
| 19:02 | Crear | Villager (Male) |
| 19:07 | Construir | Dock |
| 19:32 | Crear | Villager (Male) |
| 19:41 | Crear | Fishing Ship |
| 19:41 | Crear | Fishing Ship |
| 19:48 | Construir | Lumber Camp |
| 20:00 | Crear | Villager (Male) |
| 20:11 | Construir | Lumber Camp |
| 20:25 | Crear | Villager (Male) |
| 20:46 | Crear | Villager (Male) |
| 20:50 | Crear | Fishing Ship |
| 20:51 | Crear | Fishing Ship |
| 20:51 | Crear | Fishing Ship |
| 21:17 | Construir | Outpost |
| 21:18 | Crear | Villager (Male) |
| 21:21 | Investigar | Castle Age |
| 21:28 | Crear | Archer |
| 21:28 | Crear | Archer |
| 21:29 | Crear | Archer |
| 21:55 | Construir | Lumber Camp |
| 22:01 | Crear | Fishing Ship |
| 22:01 | Crear | Fishing Ship |
| 22:03 | Construir | Fish Trap |
| 22:18 | Crear | Villager (Male) |
| 22:38 | Crear | Archer |
| 22:47 | Crear | Fishing Ship |
| 22:47 | Crear | Fishing Ship |
| 22:47 | Crear | Fishing Ship |
| 22:55 | Construir | Fish Trap |
| 22:57 | Edad | Edad de los Castillos |
| 22:59 | Investigar | Bodkin Arrow |
| 22:59 | Investigar | Crossbowman (upgrade) |
| 22:59 | Investigar | Crossbowman (upgrade) |
| 23:08 | Construir | Monastery |
| 23:11 | Crear | Villager (Male) |
Build order — Maxcard
Primeras 150 de 598 acciones detectadas
| 0:01 | Crear | Villager (Male) ×5 |
| 0:03 | Construir | House |
| 0:04 | Construir | House |
| 0:10 | Crear | Villager (Male) |
| 1:22 | Investigar | Loom |
| 1:23 | Crear | Villager (Male) |
| 1:23 | Crear | Villager (Male) |
| 1:49 | Crear | Villager (Male) |
| 1:51 | Crear | Villager (Male) |
| 2:33 | Construir | Palisade Wall |
| 2:34 | Crear | Villager (Male) |
| 3:02 | Crear | Villager (Male) |
| 3:03 | Crear | Villager (Male) |
| 3:12 | Construir | Palisade Wall |
| 3:24 | Crear | Villager (Male) |
| 3:25 | Crear | Villager (Male) |
| 4:00 | Construir | Lumber Camp |
| 4:06 | Construir | Palisade Wall |
| 4:33 | Crear | Villager (Male) |
| 4:46 | Construir | House |
| 5:16 | Construir | Palisade Wall |
| 5:40 | Crear | Villager (Male) |
| 5:40 | Crear | Villager (Male) |
| 5:41 | Crear | Villager (Male) |
| 5:41 | Crear | Villager (Male) |
| 5:56 | Construir | House |
| 6:01 | Crear | Villager (Male) |
| 6:01 | Crear | Villager (Male) |
| 6:11 | Construir | Palisade Wall |
| 6:49 | Construir | Dock |
| 7:26 | Construir | Palisade Wall |
| 7:30 | Crear | Villager (Male) |
| 7:31 | Crear | Fishing Ship |
| 7:43 | Construir | Palisade Wall |
| 7:47 | Construir | Palisade Wall |
| 7:49 | Construir | Palisade Wall |
| 7:55 | Crear | Villager (Male) |
| 7:55 | Crear | Villager (Male) |
| 8:04 | Construir | House |
| 8:09 | Construir | Palisade Wall |
| 8:10 | Construir | Palisade Wall |
| 8:20 | Construir | Palisade Wall |
| 8:24 | Construir | Palisade Wall |
| 8:52 | Crear | Villager (Male) |
| 8:53 | Crear | Fishing Ship |
| 9:37 | Crear | Villager (Male) |
| 9:40 | Crear | Fishing Ship |
| 10:02 | Investigar | Feudal Age |
| 10:15 | Crear | Fishing Ship |
| 10:34 | Construir | House |
| 10:38 | Construir | Mining Camp |
| 10:59 | Construir | Palisade Wall |
| 11:05 | Construir | Palisade Wall |
| 11:42 | Crear | Fishing Ship |
| 11:43 | Crear | Fishing Ship |
| 11:49 | Construir | Mill |
| 11:57 | Construir | Palisade Wall |
| 12:25 | Edad | Edad Feudal |
| 12:36 | Construir | Stone Wall |
| 12:38 | Construir | Stone Wall |
| 12:54 | Crear | Villager (Male) |
| 12:55 | Crear | Villager (Male) |
| 12:58 | Construir | Market |
| 13:00 | Construir | Blacksmith |
| 13:03 | Construir | Farm |
| 13:04 | Construir | Farm |
| 13:14 | Construir | Farm |
| 13:29 | Construir | Stone Wall |
| 13:51 | Construir | Farm |
| 13:52 | Construir | Farm |
| 14:26 | Investigar | Castle Age |
| 15:34 | Crear | Fishing Ship |
| 15:35 | Crear | Fishing Ship |
| 15:37 | Investigar | Tech 906 |
| 15:43 | Investigar | Double-Bit Axe |
| 15:46 | Investigar | Horse Collar |
| 16:19 | Construir | Mining Camp |
| 17:00 | Construir | Dock |
| 17:02 | Crear | Demolition Raft |
| 17:06 | Crear | Fishing Ship |
| 17:06 | Edad | Edad de los Castillos |
| 17:08 | Construir | House |
| 17:17 | Investigar | Bow Saw |
| 17:39 | Crear | Villager (Male) |
| 17:40 | Crear | Villager (Male) |
| 17:47 | Construir | House |
| 17:48 | Construir | House |
| 17:54 | Investigar | Gillnets |
| 17:57 | Investigar | Wheelbarrow |
| 18:30 | Crear | Fishing Ship |
| 18:44 | Construir | Town Center |
| 19:15 | Crear | Fishing Ship |
| 19:21 | Crear | Villager (Male) |
| 19:21 | Crear | Villager (Male) |
| 19:22 | Crear | Villager (Male) |
| 19:33 | Crear | Fishing Ship |
| 19:38 | Construir | House |
| 19:40 | Construir | House |
| 19:43 | Crear | Fishing Ship |
| 20:04 | Construir | Fish Trap |
| 20:07 | Construir | Fish Trap |
| 20:08 | Construir | Fish Trap |
| 20:19 | Crear | Villager (Male) ×5 |
| 20:20 | Crear | Villager (Male) ×2 |
| 20:27 | Construir | Fish Trap |
| 20:30 | Construir | Fish Trap |
| 20:34 | Construir | Fish Trap |
| 20:47 | Crear | Fishing Ship |
| 20:49 | Crear | Villager (Male) ×2 |
| 21:06 | Construir | Town Center |
| 21:24 | Construir | Fish Trap |
| 21:33 | Crear | Villager (Male) ×2 |
| 21:39 | Construir | Fish Trap |
| 21:47 | Construir | Fish Trap |
| 21:53 | Crear | Fishing Ship |
| 21:56 | Crear | Villager (Male) ×3 |
| 21:56 | Crear | Villager (Male) |
| 22:15 | Crear | Villager (Male) |
| 22:16 | Crear | Villager (Male) |
| 22:17 | Crear | Villager (Male) ×2 |
| 22:20 | Crear | Fishing Ship |
| 22:21 | Crear | Fishing Ship |
| 22:23 | Construir | Fish Trap |
| 22:40 | Crear | Villager (Male) |
| 22:45 | Crear | Fishing Ship |
| 22:50 | Construir | Dock |
| 22:52 | Construir | Dock |
| 22:54 | Construir | Dock |
| 22:57 | Crear | Fishing Ship |
| 22:57 | Crear | Fishing Ship |
| 23:05 | Construir | Fish Trap |
| 23:14 | Construir | Fish Trap |
| 23:17 | Crear | Villager (Male) ×5 |
| 23:25 | Construir | Monastery |
| 23:29 | Crear | Villager (Male) ×2 |
| 23:47 | Crear | Fishing Ship |
| 23:53 | Construir | Fish Trap |
| 23:54 | Construir | Fish Trap |
| 23:59 | Construir | Fish Trap |
| 24:04 | Construir | House |
| 24:06 | Construir | House |
| 24:07 | Construir | House |
| 24:13 | Construir | Castle |
| 24:25 | Investigar | Gold Mining |
| 24:28 | Crear | Fishing Ship |
| 24:29 | Crear | Fishing Ship |
| 24:29 | Crear | Fishing Ship |
| 24:36 | Construir | Fish Trap |
| 24:40 | Crear | Fishing Ship |
| 24:41 | Construir | Fish Trap |
Build order — JayZaddy
Primeras 150 de 637 acciones detectadas
| 0:01 | Crear | Villager (Male) |
| 0:01 | Crear | Villager (Male) |
| 0:02 | Construir | House |
| 0:02 | Construir | House |
| 0:04 | Crear | Villager (Male) |
| 0:05 | Crear | Villager (Male) |
| 0:05 | Crear | Villager (Male) |
| 1:26 | Construir | Palisade Wall |
| 1:27 | Construir | Palisade Wall |
| 1:31 | Construir | Palisade Wall |
| 1:33 | Construir | Palisade Wall |
| 1:40 | Construir | Palisade Wall |
| 1:52 | Construir | Palisade Wall |
| 1:54 | Construir | Palisade Wall |
| 1:57 | Crear | Villager (Male) |
| 1:59 | Crear | Villager (Male) |
| 2:36 | Construir | Palisade Wall |
| 2:45 | Crear | Villager (Male) |
| 2:45 | Crear | Villager (Male) |
| 2:53 | Construir | Lumber Camp |
| 3:01 | Crear | Villager (Male) |
| 3:02 | Crear | Villager (Male) |
| 3:16 | Crear | Villager (Male) |
| 3:40 | Crear | Villager (Male) |
| 3:40 | Crear | Villager (Male) |
| 4:06 | Crear | Villager (Male) |
| 4:06 | Crear | Villager (Male) |
| 4:14 | Construir | House |
| 4:15 | Construir | House |
| 4:43 | Crear | Villager (Male) |
| 4:57 | Crear | Villager (Male) |
| 4:57 | Crear | Villager (Male) |
| 5:41 | Crear | Villager (Male) |
| 6:08 | Crear | Villager (Male) |
| 6:08 | Crear | Villager (Male) |
| 6:08 | Crear | Villager (Male) |
| 6:10 | Crear | Villager (Male) |
| 6:10 | Crear | Villager (Male) |
| 6:15 | Construir | Palisade Wall |
| 6:43 | Construir | Palisade Wall |
| 6:46 | Investigar | Loom |
| 7:13 | Construir | House |
| 7:50 | Crear | Villager (Male) |
| 7:58 | Construir | Mill |
| 8:01 | Construir | Palisade Wall |
| 8:04 | Crear | Villager (Male) |
| 8:17 | Construir | Dock |
| 8:40 | Investigar | Feudal Age |
| 8:40 | Investigar | Feudal Age |
| 9:18 | Construir | House |
| 9:19 | Construir | Palisade Wall |
| 9:20 | Construir | Palisade Wall |
| 9:26 | Crear | Fishing Ship |
| 10:24 | Construir | Palisade Wall |
| 10:25 | Construir | House |
| 10:36 | Crear | Villager (Male) |
| 10:50 | Edad | Edad Feudal |
| 10:54 | Construir | Blacksmith |
| 11:00 | Construir | House |
| 11:08 | Construir | Town Center |
| 11:17 | Crear | Villager (Male) |
| 11:28 | Crear | Villager (Male) |
| 11:41 | Crear | Villager (Male) |
| 12:15 | Construir | Blacksmith |
| 12:20 | Crear | Villager (Male) |
| 12:41 | Crear | Villager (Male) |
| 12:44 | Investigar | Double-Bit Axe |
| 12:44 | Investigar | Double-Bit Axe |
| 12:47 | Crear | Fishing Ship |
| 12:49 | Construir | House |
| 13:23 | Construir | Market |
| 13:23 | Crear | Villager (Male) |
| 13:24 | Crear | Villager (Male) |
| 13:40 | Crear | Villager (Male) |
| 13:40 | Crear | Villager (Male) |
| 13:45 | Crear | Villager (Male) |
| 14:16 | Crear | Villager (Male) |
| 14:16 | Crear | Villager (Male) |
| 14:32 | Crear | Fishing Ship |
| 14:34 | Construir | House |
| 14:56 | Crear | Fishing Ship |
| 15:01 | Construir | Dock |
| 15:12 | Construir | Palisade Wall |
| 15:21 | Investigar | Castle Age |
| 15:22 | Investigar | Castle Age |
| 15:24 | Crear | Villager (Male) |
| 15:40 | Crear | Villager (Male) |
| 15:55 | Construir | Mining Camp |
| 15:56 | Crear | Fishing Ship |
| 16:00 | Construir | House |
| 16:17 | Crear | Villager (Male) |
| 16:35 | Crear | Fishing Ship |
| 16:35 | Crear | Fishing Ship |
| 16:53 | Construir | Dock |
| 16:58 | Crear | Fishing Ship |
| 16:59 | Crear | Fishing Ship |
| 17:12 | Crear | Villager (Male) |
| 17:14 | Investigar | Wheelbarrow |
| 17:36 | Crear | Fishing Ship |
| 17:37 | Crear | Fishing Ship |
| 17:37 | Crear | Fishing Ship |
| 17:38 | Crear | Fishing Ship |
| 18:01 | Edad | Edad de los Castillos |
| 18:08 | Construir | Town Center |
| 18:11 | Crear | Villager (Male) |
| 18:17 | Construir | Dock |
| 18:19 | Crear | Fishing Ship |
| 18:21 | Crear | Fishing Ship |
| 18:22 | Crear | Villager (Male) |
| 18:23 | Investigar | Bow Saw |
| 18:24 | Investigar | Bow Saw |
| 18:29 | Crear | Villager (Male) |
| 18:36 | Construir | Fish Trap |
| 18:39 | Construir | House |
| 18:40 | Construir | House |
| 18:54 | Construir | Fish Trap |
| 18:59 | Construir | House |
| 19:00 | Construir | House |
| 19:03 | Construir | Fish Trap |
| 19:06 | Crear | Villager (Male) |
| 19:14 | Construir | House |
| 19:15 | Construir | House |
| 19:15 | Construir | House |
| 19:16 | Construir | House |
| 19:20 | Crear | Fishing Ship |
| 19:20 | Crear | Fishing Ship |
| 19:24 | Construir | Fish Trap |
| 19:39 | Construir | Outpost |
| 19:41 | Crear | Villager (Male) ×3 |
| 19:43 | Crear | Fishing Ship |
| 19:44 | Crear | Fishing Ship |
| 19:55 | Construir | Fish Trap |
| 20:00 | Crear | Villager (Male) ×2 |
| 20:09 | Construir | House |
| 20:09 | Construir | House |
| 20:16 | Construir | Fish Trap |
| 20:18 | Construir | Fish Trap |
| 20:21 | Crear | Villager (Male) |
| 20:31 | Construir | Fish Trap |
| 20:37 | Construir | Fish Trap |
| 20:42 | Construir | Fish Trap |
| 20:49 | Construir | House |
| 20:53 | Crear | Villager (Male) ×3 |
| 20:57 | Construir | Siege Workshop |
| 21:03 | Construir | Fish Trap |
| 21:10 | Construir | Fish Trap |
| 21:17 | Construir | Fish Trap |
| 21:19 | Crear | Fishing Ship |
| 21:20 | Crear | Fishing Ship |
| 21:21 | Crear | Villager (Male) ×3 |
Build order — BderT
Primeras 150 de 461 acciones detectadas
| 0:00 | Crear | Villager (Male) ×4 |
| 0:02 | Construir | House |
| 0:04 | Construir | Mill |
| 0:08 | Construir | Mill |
| 1:13 | Investigar | Loom |
| 1:15 | Crear | Villager (Male) |
| 1:34 | Crear | Villager (Male) |
| 2:06 | Crear | Villager (Male) |
| 2:36 | Construir | House |
| 2:58 | Construir | Palisade Wall |
| 3:01 | Crear | Villager (Male) |
| 3:16 | Construir | Lumber Camp |
| 3:33 | Crear | Villager (Male) |
| 3:53 | Construir | Palisade Wall |
| 4:02 | Crear | Villager (Male) |
| 4:31 | Crear | Villager (Male) |
| 4:49 | Crear | Villager (Male) |
| 4:59 | Construir | Palisade Wall |
| 5:18 | Construir | Palisade Wall |
| 5:28 | Crear | Villager (Male) |
| 5:33 | Construir | House |
| 5:42 | Construir | Palisade Wall |
| 5:49 | Crear | Villager (Male) |
| 6:03 | Crear | Villager (Male) |
| 7:01 | Crear | Villager (Male) |
| 7:01 | Crear | Villager (Male) |
| 7:03 | Crear | Villager (Male) |
| 7:03 | Crear | Villager (Male) |
| 7:18 | Crear | Villager (Male) |
| 7:25 | Construir | House |
| 8:03 | Construir | Dock |
| 8:33 | Investigar | Feudal Age |
| 9:16 | Construir | Palisade Wall |
| 9:24 | Construir | Palisade Wall |
| 9:28 | Construir | Palisade Wall |
| 9:41 | Crear | Villager (Male) |
| 10:07 | Construir | Palisade Wall |
| 10:10 | Construir | Palisade Wall |
| 10:27 | Construir | Barracks |
| 10:30 | Crear | Villager (Male) |
| 10:55 | Edad | Edad Feudal |
| 11:02 | Crear | Militia |
| 11:17 | Crear | Villager (Male) |
| 11:32 | Construir | Mining Camp |
| 11:33 | Crear | Villager (Male) |
| 11:53 | Crear | Villager (Male) |
| 12:01 | Crear | Fire Galley |
| 12:07 | Construir | House |
| 12:10 | Crear | Villager (Male) |
| 12:26 | Construir | Watch Tower |
| 12:39 | Crear | Villager (Male) |
| 13:24 | Construir | Archery Range |
| 13:50 | Construir | House |
| 13:53 | Crear | Archer |
| 13:57 | Crear | Villager (Male) |
| 14:02 | Crear | Skirmisher |
| 14:07 | Construir | House |
| 14:10 | Construir | House |
| 14:32 | Crear | Villager (Male) |
| 14:36 | Crear | Galley |
| 14:51 | Crear | Villager (Male) |
| 14:52 | Crear | Archer |
| 15:08 | Construir | Farm |
| 15:19 | Investigar | Double-Bit Axe |
| 15:32 | Crear | Skirmisher |
| 15:35 | Crear | Villager (Male) |
| 15:57 | Crear | Skirmisher |
| 15:58 | Crear | Villager (Male) |
| 16:01 | Construir | House |
| 16:05 | Construir | House |
| 16:07 | Crear | Villager (Male) |
| 16:15 | Crear | Villager (Male) |
| 16:20 | Construir | Farm |
| 16:34 | Crear | Skirmisher |
| 16:47 | Crear | Villager (Male) |
| 17:20 | Crear | Villager (Male) |
| 17:25 | Crear | Galley |
| 17:32 | Crear | Villager (Male) |
| 17:35 | Construir | Lumber Camp |
| 17:39 | Construir | Farm |
| 17:41 | Construir | Farm |
| 18:16 | Construir | Mining Camp |
| 18:21 | Crear | Villager (Male) |
| 18:54 | Crear | Villager (Male) |
| 18:59 | Construir | Farm |
| 19:00 | Crear | Fishing Ship |
| 19:15 | Construir | Market |
| 19:24 | Crear | Villager (Male) |
| 19:29 | Construir | House |
| 19:46 | Crear | Villager (Male) |
| 19:58 | Construir | Mill |
| 19:59 | Construir | Farm |
| 20:00 | Construir | Farm |
| 20:00 | Construir | Farm |
| 20:00 | Construir | Farm |
| 20:00 | Construir | Farm |
| 20:01 | Construir | Farm |
| 20:11 | Crear | Fishing Ship |
| 20:48 | Investigar | Castle Age |
| 20:51 | Crear | Fishing Ship |
| 20:57 | Construir | House |
| 21:08 | Investigar | Horse Collar |
| 21:33 | Crear | Fishing Ship |
| 21:41 | Construir | Dock |
| 22:05 | Construir | Lumber Camp |
| 22:45 | Crear | Villager (Male) |
| 22:45 | Crear | Villager (Male) |
| 22:48 | Crear | Fishing Ship |
| 22:59 | Crear | Fishing Ship |
| 23:28 | Edad | Edad de los Castillos |
| 23:30 | Construir | Castle |
| 23:33 | Crear | Villager (Male) |
| 23:44 | Crear | Fishing Ship |
| 23:47 | Investigar | Wheelbarrow |
| 24:38 | Construir | Blacksmith |
| 24:39 | Crear | Villager (Male) |
| 24:49 | Crear | Villager (Male) |
| 25:09 | Construir | Siege Workshop |
| 25:13 | Crear | Villager (Male) |
| 25:19 | Investigar | Fletching |
| 25:22 | Crear | Villager (Male) |
| 25:29 | Crear | Trade Cog |
| 25:33 | Investigar | War Galley (upgrade) |
| 25:39 | Crear | Villager (Male) |
| 25:42 | Crear | Mangonel |
| 25:47 | Construir | Siege Workshop |
| 25:49 | Crear | Villager (Male) |
| 26:02 | Crear | Villager (Male) |
| 26:14 | Crear | Mangonel |
| 26:15 | Crear | Scorpion |
| 26:20 | Crear | Villager (Male) |
| 26:28 | Crear | Villager (Male) |
| 26:41 | Crear | Scorpion |
| 26:42 | Crear | Villager (Male) |
| 26:50 | Crear | Villager (Male) |
| 27:09 | Crear | Galley |
| 27:17 | Crear | Villager (Male) |
| 27:31 | Crear | Galley |
| 27:57 | Crear | Villager (Male) |
| 28:05 | Construir | Monastery |
| 28:06 | Crear | Villager (Male) |
| 28:12 | Crear | Scorpion |
| 28:14 | Crear | Spearman |
| 28:14 | Crear | Spearman |
| 28:16 | Crear | Villager (Male) |
| 28:16 | Crear | Villager (Male) |
| 28:20 | Crear | Galley |
| 28:31 | Crear | Spearman |
| 28:50 | Construir | Barracks |
| 28:52 | Crear | Monk |
Build order — nicke
Primeras 150 de 622 acciones detectadas
| 0:01 | Crear | Villager (Male) |
| 0:02 | Crear | Villager (Male) |
| 0:02 | Crear | Villager (Male) |
| 0:02 | Crear | Villager (Male) |
| 0:06 | Construir | House |
| 0:22 | Construir | House |
| 0:34 | Investigar | Loom |
| 0:34 | Crear | Villager (Male) |
| 0:34 | Crear | Villager (Male) |
| 1:06 | Construir | Palisade Wall |
| 2:03 | Construir | Palisade Wall |
| 2:24 | Crear | Villager (Male) |
| 2:54 | Construir | Palisade Wall |
| 3:09 | Crear | Villager (Male) |
| 3:25 | Crear | Villager (Male) |
| 3:41 | Construir | Lumber Camp |
| 4:07 | Crear | Villager (Male) |
| 4:27 | Crear | Villager (Male) |
| 5:11 | Crear | Villager (Male) |
| 5:11 | Crear | Villager (Male) |
| 5:14 | Construir | House |
| 6:06 | Crear | Villager (Male) |
| 6:06 | Crear | Villager (Male) |
| 6:07 | Crear | Villager (Male) |
| 6:30 | Crear | Villager (Male) |
| 6:37 | Construir | Mill |
| 6:43 | Crear | Villager (Male) |
| 7:07 | Crear | Villager (Male) |
| 8:15 | Construir | House |
| 8:52 | Investigar | Feudal Age |
| 10:57 | Crear | Villager (Male) |
| 11:02 | Edad | Edad Feudal |
| 11:04 | Construir | Stone Wall |
| 11:09 | Construir | Stone Wall |
| 11:10 | Crear | Villager (Male) |
| 11:25 | Construir | Lumber Camp |
| 11:26 | Crear | Villager (Male) |
| 11:30 | Construir | Mining Camp |
| 11:33 | Crear | Villager (Male) |
| 12:14 | Construir | Stone Wall |
| 12:25 | Construir | Stone Wall |
| 12:32 | Crear | Villager (Male) |
| 12:44 | Construir | Market |
| 13:24 | Crear | Villager (Male) |
| 13:28 | Construir | House |
| 13:57 | Construir | Blacksmith |
| 15:03 | Investigar | Castle Age |
| 15:05 | Crear | Villager (Male) |
| 15:09 | Construir | Barracks |
| 15:24 | Investigar | Double-Bit Axe |
| 16:28 | Crear | Villager (Male) |
| 16:43 | Investigar | Horse Collar |
| 16:47 | Construir | Farm |
| 16:47 | Construir | Farm |
| 16:47 | Construir | Farm |
| 16:47 | Construir | Farm |
| 16:48 | Construir | Farm |
| 16:48 | Construir | Farm |
| 16:48 | Construir | Farm |
| 16:48 | Construir | Farm |
| 16:49 | Construir | Farm |
| 17:03 | Construir | Farm |
| 17:22 | Crear | Villager (Male) |
| 17:30 | Construir | Farm |
| 17:33 | Construir | Farm |
| 17:43 | Edad | Edad de los Castillos |
| 17:46 | Investigar | Bow Saw |
| 17:47 | Crear | Villager (Male) |
| 17:48 | Crear | Villager (Male) |
| 18:44 | Construir | Farm |
| 18:45 | Construir | Farm |
| 19:04 | Construir | Town Center |
| 19:08 | Crear | Villager (Male) |
| 19:25 | Crear | Villager (Male) |
| 19:39 | Crear | Villager (Male) |
| 19:56 | Construir | House |
| 20:08 | Crear | Villager (Male) |
| 20:09 | Crear | Villager (Male) |
| 20:54 | Crear | Villager (Male) |
| 21:00 | Crear | Villager (Male) |
| 21:07 | Construir | Town Center |
| 21:10 | Crear | Villager (Male) |
| 21:20 | Investigar | Wheelbarrow |
| 21:24 | Crear | Villager (Male) |
| 22:13 | Crear | Villager (Male) |
| 22:14 | Crear | Villager (Male) |
| 22:25 | Crear | Villager (Male) |
| 22:25 | Crear | Villager (Male) |
| 22:26 | Crear | Villager (Male) |
| 22:26 | Crear | Villager (Male) |
| 22:26 | Crear | Villager (Male) |
| 22:27 | Crear | Villager (Male) |
| 22:27 | Crear | Villager (Male) |
| 22:27 | Crear | Villager (Male) |
| 22:30 | Construir | Farm |
| 22:31 | Construir | Farm |
| 22:31 | Construir | Farm |
| 22:31 | Construir | Farm |
| 22:31 | Construir | Farm |
| 22:32 | Construir | Farm |
| 22:32 | Construir | Farm |
| 23:00 | Investigar | Heavy Plow |
| 23:26 | Crear | Villager (Male) |
| 23:26 | Crear | Villager (Male) |
| 23:27 | Crear | Villager (Male) |
| 23:36 | Construir | Farm |
| 23:37 | Crear | Villager (Male) |
| 23:41 | Construir | House |
| 23:44 | Construir | House |
| 23:48 | Construir | House |
| 23:52 | Construir | House |
| 23:54 | Crear | Villager (Male) |
| 23:57 | Construir | House |
| 24:00 | Crear | Villager (Male) |
| 24:00 | Crear | Villager (Male) |
| 24:01 | Crear | Villager (Male) |
| 24:26 | Investigar | Hand Cart |
| 24:28 | Crear | Villager (Male) |
| 24:28 | Crear | Villager (Male) |
| 24:29 | Crear | Villager (Male) |
| 24:51 | Construir | Town Center |
| 25:01 | Crear | Villager (Male) |
| 25:02 | Crear | Villager (Male) |
| 25:06 | Construir | Farm |
| 25:07 | Construir | Farm |
| 25:07 | Construir | Farm |
| 25:13 | Construir | Farm |
| 25:25 | Construir | Farm |
| 25:29 | Crear | Villager (Male) |
| 25:30 | Crear | Villager (Male) |
| 25:30 | Crear | Villager (Male) |
| 25:30 | Crear | Villager (Male) |
| 25:31 | Crear | Villager (Male) |
| 25:31 | Crear | Villager (Male) |
| 25:53 | Construir | Farm |
| 25:53 | Construir | Farm |
| 25:53 | Construir | Farm |
| 25:56 | Crear | Villager (Male) |
| 25:56 | Crear | Villager (Male) |
| 25:57 | Crear | Villager (Male) |
| 25:57 | Crear | Villager (Male) |
| 25:59 | Crear | Villager (Male) |
| 26:17 | Investigar | Scale Barding Armor |
| 26:23 | Crear | Villager (Male) |
| 26:32 | Crear | Villager (Male) |
| 26:34 | Construir | Town Center |
| 26:41 | Crear | Villager (Male) |
| 26:41 | Crear | Villager (Male) |
| 26:41 | Crear | Villager (Male) |
| 26:42 | Crear | Villager (Male) |
Build order — cowboy
Primeras 150 de 743 acciones detectadas
| 0:01 | Crear | Villager (Male) |
| 0:01 | Crear | Villager (Male) |
| 0:01 | Crear | Villager (Male) |
| 0:02 | Construir | House |
| 0:06 | Construir | House |
| 0:42 | Crear | Villager (Male) |
| 0:42 | Crear | Villager (Male) |
| 1:26 | Crear | Villager (Male) |
| 1:26 | Crear | Villager (Male) |
| 2:03 | Crear | Villager (Male) |
| 2:03 | Crear | Villager (Male) |
| 2:39 | Crear | Villager (Male) |
| 2:40 | Crear | Villager (Male) |
| 2:40 | Crear | Villager (Male) |
| 3:19 | Crear | Villager (Male) |
| 3:19 | Crear | Villager (Male) |
| 3:23 | Construir | House |
| 3:24 | Construir | House |
| 3:51 | Crear | Villager (Male) |
| 3:51 | Crear | Villager (Male) |
| 3:51 | Crear | Villager (Male) |
| 4:12 | Crear | Villager (Male) |
| 4:12 | Crear | Villager (Male) |
| 4:12 | Crear | Villager (Male) |
| 4:16 | Construir | Lumber Camp |
| 4:40 | Crear | Villager (Male) |
| 4:40 | Crear | Villager (Male) |
| 4:52 | Construir | Mill |
| 5:11 | Crear | Villager (Male) |
| 5:11 | Crear | Villager (Male) |
| 5:11 | Crear | Villager (Male) |
| 5:26 | Crear | Villager (Male) |
| 5:26 | Crear | Villager (Male) |
| 5:26 | Crear | Villager (Male) |
| 5:59 | Crear | Villager (Male) |
| 5:59 | Crear | Villager (Male) |
| 5:59 | Crear | Villager (Male) |
| 6:35 | Crear | Villager (Male) |
| 6:35 | Crear | Villager (Male) |
| 6:45 | Crear | Villager (Male) |
| 6:45 | Crear | Villager (Male) |
| 6:45 | Crear | Villager (Male) |
| 7:20 | Crear | Villager (Male) |
| 7:20 | Crear | Villager (Male) |
| 7:20 | Crear | Villager (Male) |
| 8:20 | Construir | Mining Camp |
| 8:45 | Investigar | Feudal Age |
| 9:47 | Construir | House |
| 9:49 | Construir | House |
| 10:29 | Investigar | Loom |
| 10:53 | Crear | Villager (Male) |
| 11:06 | Edad | Edad Feudal |
| 11:13 | Construir | Market |
| 11:16 | Construir | Blacksmith |
| 11:50 | Crear | Villager (Male) |
| 12:22 | Crear | Villager (Male) |
| 12:33 | Investigar | Castle Age |
| 13:57 | Investigar | Double-Bit Axe |
| 13:58 | Investigar | Horse Collar |
| 15:22 | Construir | Farm |
| 15:24 | Construir | Farm |
| 15:25 | Construir | Farm |
| 15:27 | Edad | Edad de los Castillos |
| 15:30 | Construir | Farm |
| 15:31 | Construir | Farm |
| 15:31 | Construir | Farm |
| 15:31 | Construir | Farm |
| 15:32 | Construir | Farm |
| 15:32 | Construir | Farm |
| 15:32 | Construir | Farm |
| 15:32 | Construir | Farm |
| 15:33 | Construir | Farm |
| 15:37 | Construir | Town Center |
| 15:40 | Construir | Town Center |
| 16:03 | Crear | Villager (Male) |
| 16:05 | Crear | Villager (Male) |
| 16:24 | Construir | Town Center |
| 16:51 | Crear | Villager (Male) |
| 16:51 | Crear | Villager (Male) |
| 16:52 | Crear | Villager (Male) |
| 16:52 | Crear | Villager (Male) |
| 16:52 | Crear | Villager (Male) |
| 16:53 | Crear | Villager (Male) |
| 16:53 | Crear | Villager (Male) |
| 17:20 | Construir | Farm |
| 17:21 | Crear | Villager (Male) |
| 17:22 | Crear | Villager (Male) |
| 17:22 | Crear | Villager (Male) |
| 17:29 | Construir | Farm |
| 17:36 | Crear | Villager (Male) |
| 17:47 | Crear | Villager (Male) |
| 17:47 | Crear | Villager (Male) |
| 17:54 | Construir | Farm |
| 17:58 | Construir | Farm |
| 18:05 | Crear | Villager (Male) |
| 18:05 | Crear | Villager (Male) |
| 18:10 | Construir | Farm |
| 18:14 | Construir | Farm |
| 18:15 | Crear | Villager (Male) |
| 18:15 | Crear | Villager (Male) |
| 18:16 | Crear | Villager (Male) |
| 18:25 | Construir | Farm |
| 18:37 | Crear | Villager (Male) |
| 18:38 | Crear | Villager (Male) |
| 18:38 | Crear | Villager (Male) |
| 18:38 | Crear | Villager (Male) |
| 18:46 | Construir | Farm |
| 18:47 | Crear | Villager (Male) |
| 18:53 | Crear | Villager (Male) |
| 18:53 | Crear | Villager (Male) |
| 18:57 | Construir | Farm |
| 19:08 | Construir | Farm |
| 19:09 | Construir | Farm |
| 19:09 | Construir | Farm |
| 19:09 | Construir | Farm |
| 19:09 | Construir | Farm |
| 19:10 | Construir | Farm |
| 19:10 | Construir | Farm |
| 19:10 | Construir | Farm |
| 19:18 | Crear | Villager (Male) |
| 19:18 | Crear | Villager (Male) |
| 19:19 | Crear | Villager (Male) |
| 19:19 | Crear | Villager (Male) |
| 19:36 | Crear | Villager (Male) |
| 19:36 | Crear | Villager (Male) |
| 19:43 | Construir | House |
| 19:44 | Construir | House |
| 19:44 | Construir | House |
| 19:44 | Construir | House |
| 19:44 | Construir | House |
| 19:45 | Construir | House |
| 19:45 | Construir | House |
| 19:45 | Construir | House |
| 19:45 | Construir | House |
| 19:46 | Construir | House |
| 19:46 | Construir | House |
| 19:46 | Construir | House |
| 19:47 | Construir | House |
| 19:49 | Crear | Villager (Male) |
| 19:49 | Crear | Villager (Male) |
| 19:49 | Crear | Villager (Male) |
| 19:49 | Crear | Villager (Male) |
| 19:53 | Construir | Farm |
| 19:56 | Construir | Farm |
| 19:58 | Construir | Farm |
| 20:06 | Crear | Villager (Male) |
| 20:07 | Crear | Villager (Male) |
| 20:07 | Crear | Villager (Male) |
| 20:11 | Construir | Farm |
| 20:17 | Construir | Farm |
Build order — qso214
Primeras 150 de 789 acciones detectadas
| 0:01 | Crear | Villager (Male) |
| 0:02 | Crear | Villager (Male) |
| 0:02 | Crear | Villager (Male) |
| 0:04 | Construir | House |
| 0:06 | Construir | House |
| 0:18 | Crear | Villager (Male) |
| 0:19 | Crear | Villager (Male) |
| 1:19 | Crear | Villager (Male) |
| 1:19 | Crear | Villager (Male) |
| 1:19 | Crear | Villager (Male) |
| 1:37 | Construir | Lumber Camp |
| 1:55 | Investigar | Loom |
| 1:56 | Crear | Villager (Male) |
| 1:56 | Crear | Villager (Male) |
| 2:37 | Crear | Villager (Male) |
| 2:59 | Crear | Villager (Male) |
| 3:00 | Crear | Villager (Male) |
| 3:23 | Crear | Villager (Male) |
| 3:23 | Crear | Villager (Male) |
| 3:23 | Crear | Villager (Male) |
| 3:31 | Construir | House |
| 3:42 | Construir | Dock |
| 3:52 | Crear | Villager (Male) |
| 3:52 | Crear | Villager (Male) |
| 4:06 | Crear | Villager (Male) |
| 4:06 | Crear | Villager (Male) |
| 4:06 | Crear | Villager (Male) |
| 4:37 | Construir | House |
| 4:45 | Crear | Villager (Male) |
| 4:46 | Crear | Villager (Male) |
| 4:46 | Crear | Villager (Male) |
| 4:47 | Crear | Fishing Ship |
| 4:48 | Crear | Fishing Ship |
| 4:48 | Crear | Fishing Ship |
| 5:00 | Crear | Villager (Male) |
| 5:00 | Crear | Villager (Male) |
| 5:22 | Crear | Fishing Ship |
| 5:22 | Crear | Fishing Ship |
| 5:26 | Crear | Villager (Male) |
| 5:26 | Crear | Villager (Male) |
| 6:03 | Crear | Fishing Ship |
| 6:07 | Crear | Villager (Male) |
| 6:07 | Crear | Villager (Male) |
| 6:41 | Crear | Villager (Male) |
| 6:41 | Crear | Villager (Male) |
| 6:44 | Crear | Fishing Ship |
| 6:45 | Crear | Fishing Ship |
| 7:21 | Crear | Villager (Male) |
| 7:31 | Construir | Lumber Camp |
| 7:46 | Crear | Villager (Male) |
| 7:56 | Crear | Villager (Male) |
| 7:58 | Crear | Fishing Ship |
| 8:24 | Crear | Villager (Male) |
| 8:28 | Construir | Mill |
| 8:41 | Investigar | Feudal Age |
| 8:47 | Construir | House |
| 9:10 | Construir | Mining Camp |
| 9:51 | Crear | Villager (Male) |
| 9:51 | Crear | Villager (Male) |
| 9:54 | Crear | Fishing Ship |
| 10:51 | Edad | Edad Feudal |
| 10:53 | Construir | Market |
| 10:57 | Construir | Blacksmith |
| 11:05 | Investigar | Double-Bit Axe |
| 11:23 | Construir | House |
| 11:24 | Construir | House |
| 11:57 | Investigar | Castle Age |
| 11:57 | Investigar | Castle Age |
| 11:57 | Investigar | Castle Age |
| 12:07 | Crear | Fishing Ship |
| 12:07 | Crear | Fishing Ship |
| 12:13 | Investigar | Tech 906 |
| 12:15 | Crear | Fishing Ship |
| 12:16 | Crear | Fishing Ship |
| 12:57 | Crear | Villager (Male) |
| 13:24 | Crear | Villager (Male) |
| 13:52 | Construir | Fish Trap |
| 13:58 | Construir | Fish Trap |
| 14:37 | Edad | Edad de los Castillos |
| 14:41 | Construir | Town Center |
| 14:47 | Construir | Town Center |
| 14:51 | Investigar | Bow Saw |
| 14:53 | Crear | Villager (Male) |
| 15:25 | Construir | Fish Trap |
| 15:38 | Crear | Villager (Male) |
| 15:44 | Construir | Fish Trap |
| 16:07 | Construir | Fish Trap |
| 16:10 | Crear | Villager (Male) |
| 16:12 | Crear | Villager (Male) |
| 16:12 | Crear | Villager (Male) |
| 16:13 | Crear | Villager (Male) |
| 16:18 | Crear | Villager (Male) |
| 16:18 | Crear | Villager (Male) |
| 16:24 | Construir | House |
| 16:25 | Construir | House |
| 16:26 | Construir | House |
| 16:30 | Crear | Villager (Male) |
| 16:46 | Construir | Fish Trap |
| 16:47 | Construir | Fish Trap |
| 16:49 | Construir | Fish Trap |
| 17:01 | Construir | Fish Trap |
| 17:01 | Crear | Villager (Male) |
| 17:12 | Crear | Villager (Male) |
| 17:12 | Crear | Villager (Male) |
| 17:16 | Crear | Villager (Male) |
| 17:16 | Crear | Villager (Male) |
| 17:21 | Construir | Dock |
| 17:26 | Construir | Dock |
| 17:28 | Crear | Villager (Male) |
| 17:29 | Crear | Villager (Male) |
| 17:32 | Construir | House |
| 17:34 | Construir | House |
| 17:43 | Construir | Mining Camp |
| 17:46 | Crear | Villager (Male) |
| 17:47 | Crear | Villager (Male) |
| 17:48 | Crear | Fishing Ship |
| 17:54 | Investigar | Gillnets |
| 18:11 | Construir | Dock |
| 18:18 | Construir | Dock |
| 18:20 | Crear | Villager (Male) |
| 18:20 | Crear | Villager (Male) |
| 18:21 | Crear | Villager (Male) |
| 18:21 | Crear | Villager (Male) |
| 18:22 | Crear | Villager (Male) |
| 18:24 | Crear | Villager (Male) |
| 18:40 | Crear | Villager (Male) |
| 18:43 | Crear | Fishing Ship |
| 18:44 | Crear | Fishing Ship |
| 18:44 | Crear | Fishing Ship |
| 18:50 | Crear | Villager (Male) |
| 18:50 | Crear | Villager (Male) |
| 18:53 | Construir | House |
| 18:53 | Construir | House |
| 18:55 | Construir | House |
| 18:59 | Crear | Villager (Male) |
| 18:59 | Crear | Villager (Male) |
| 19:04 | Construir | House |
| 19:05 | Construir | House |
| 19:06 | Construir | House |
| 19:09 | Crear | Fishing Ship |
| 19:09 | Crear | Fishing Ship |
| 19:13 | Crear | Villager (Male) |
| 19:22 | Crear | Villager (Male) |
| 19:26 | Crear | Fishing Ship |
| 19:26 | Crear | Fishing Ship |
| 19:27 | Crear | Fishing Ship |
| 19:31 | Construir | Fish Trap |
| 19:34 | Construir | Fish Trap |
| 19:38 | Construir | Fish Trap |
| 19:39 | Crear | Villager (Male) |
Build order — game122
Primeras 150 de 408 acciones detectadas
| 0:00 | Crear | Villager (Male) |
| 0:01 | Crear | Villager (Male) |
| 0:01 | Crear | Villager (Male) |
| 0:01 | Crear | Villager (Male) |
| 0:02 | Construir | House |
| 0:03 | Construir | House |
| 0:46 | Construir | Lumber Camp |
| 1:37 | Crear | Villager (Male) |
| 2:06 | Crear | Villager (Male) |
| 2:32 | Crear | Villager (Male) |
| 2:54 | Crear | Villager (Male) |
| 3:12 | Crear | Villager (Male) |
| 3:31 | Construir | House |
| 3:41 | Crear | Villager (Male) |
| 4:07 | Crear | Villager (Male) |
| 4:24 | Construir | Lumber Camp |
| 4:32 | Crear | Villager (Male) |
| 4:51 | Crear | Villager (Male) |
| 5:15 | Crear | Villager (Male) |
| 5:39 | Construir | Mill |
| 5:46 | Crear | Villager (Male) |
| 5:56 | Construir | House |
| 5:57 | Construir | House |
| 6:15 | Crear | Villager (Male) |
| 6:33 | Crear | Villager (Male) |
| 7:02 | Crear | Villager (Male) |
| 7:18 | Crear | Villager (Male) |
| 7:31 | Construir | Farm |
| 7:36 | Construir | Farm |
| 7:47 | Crear | Villager (Male) |
| 8:07 | Crear | Villager (Male) |
| 8:40 | Construir | Mining Camp |
| 8:42 | Crear | Villager (Male) |
| 9:20 | Investigar | Feudal Age |
| 9:47 | Crear | Villager (Male) |
| 11:25 | Construir | Farm |
| 11:28 | Construir | Farm |
| 11:30 | Edad | Edad Feudal |
| 11:38 | Construir | Market |
| 11:42 | Construir | Blacksmith |
| 11:48 | Crear | Villager (Male) |
| 12:21 | Crear | Villager (Male) |
| 12:25 | Construir | Farm |
| 12:28 | Construir | Farm |
| 13:00 | Investigar | Castle Age |
| 13:53 | Crear | Villager (Male) |
| 14:06 | Construir | Palisade Wall |
| 14:15 | Investigar | Double-Bit Axe |
| 14:17 | Investigar | Horse Collar |
| 15:10 | Crear | Villager (Male) |
| 15:40 | Edad | Edad de los Castillos |
| 15:43 | Construir | Town Center |
| 15:49 | Construir | Town Center |
| 15:51 | Crear | Villager (Male) |
| 15:58 | Construir | Town Center |
| 16:09 | Construir | Farm |
| 16:28 | Construir | House |
| 16:30 | Investigar | Wheelbarrow |
| 16:36 | Construir | House |
| 16:50 | Crear | Villager (Male) |
| 17:03 | Crear | Villager (Male) |
| 17:07 | Construir | Farm |
| 17:09 | Construir | Farm |
| 17:14 | Crear | Villager (Male) |
| 17:23 | Construir | Farm |
| 17:36 | Crear | Villager (Male) ×5 |
| 17:39 | Construir | Farm |
| 17:43 | Construir | Farm |
| 17:45 | Construir | Farm |
| 17:59 | Crear | Villager (Male) ×2 |
| 18:02 | Construir | Farm |
| 18:04 | Construir | Farm |
| 18:11 | Crear | Villager (Male) ×2 |
| 18:16 | Construir | Farm |
| 18:35 | Construir | Farm |
| 18:37 | Construir | Farm |
| 18:40 | Construir | Farm |
| 18:48 | Crear | Villager (Male) ×3 |
| 18:51 | Construir | Farm |
| 18:57 | Construir | Farm |
| 19:01 | Construir | Farm |
| 19:04 | Crear | Villager (Male) ×2 |
| 19:13 | Construir | House |
| 19:14 | Construir | House |
| 19:15 | Construir | House |
| 19:19 | Crear | Villager (Male) ×2 |
| 19:26 | Construir | Stone Wall |
| 19:36 | Construir | Stone Wall |
| 19:38 | Crear | Villager (Male) ×3 |
| 19:45 | Construir | Farm |
| 19:48 | Construir | Farm |
| 19:51 | Construir | Farm |
| 19:57 | Construir | Farm |
| 20:00 | Construir | Farm |
| 20:02 | Crear | Villager (Male) ×3 |
| 20:09 | Construir | Farm |
| 20:13 | Construir | Farm |
| 20:18 | Investigar | Bow Saw |
| 20:32 | Construir | House |
| 20:33 | Construir | House |
| 20:36 | Crear | Villager (Male) ×3 |
| 20:42 | Construir | House |
| 20:43 | Construir | House |
| 20:44 | Construir | House |
| 20:45 | Construir | House |
| 20:47 | Crear | Villager (Male) ×2 |
| 21:02 | Crear | Villager (Male) ×4 |
| 21:07 | Construir | Farm |
| 21:10 | Construir | Farm |
| 21:13 | Crear | Villager (Male) ×2 |
| 21:18 | Construir | Stone Wall |
| 21:25 | Construir | House |
| 21:26 | Construir | House |
| 21:27 | Construir | House |
| 21:34 | Construir | Farm |
| 21:40 | Investigar | Heavy Plow |
| 21:42 | Crear | Villager (Male) ×3 |
| 21:52 | Construir | Lumber Camp |
| 21:54 | Crear | Villager (Male) ×3 |
| 22:24 | Investigar | Hand Cart |
| 22:36 | Construir | Stone Wall |
| 22:38 | Investigar | Loom |
| 22:38 | Crear | Villager (Male) ×4 |
| 22:46 | Construir | House |
| 22:47 | Construir | House |
| 22:48 | Construir | House |
| 22:49 | Construir | House |
| 22:53 | Crear | Villager (Male) ×4 |
| 23:16 | Construir | Farm |
| 23:18 | Construir | Farm |
| 23:19 | Construir | Farm |
| 23:20 | Construir | Farm |
| 23:21 | Construir | Farm |
| 23:22 | Construir | Farm |
| 23:23 | Construir | Farm |
| 23:24 | Construir | Farm |
| 23:25 | Construir | Farm |
| 23:28 | Construir | Mill |
| 23:32 | Construir | Farm |
| 23:33 | Construir | Farm |
| 23:38 | Crear | Villager (Male) ×5 |
| 23:45 | Construir | Lumber Camp |
| 24:07 | Crear | Villager (Male) ×5 |
| 24:14 | Construir | Mining Camp |
| 24:23 | Construir | House |
| 24:24 | Construir | House |
| 24:25 | Construir | House |
| 24:34 | Construir | Mining Camp |
| 24:37 | Crear | Villager (Male) ×5 |
| 24:46 | Construir | Stone Wall |
Cronología de la partida
| 1:06 | nicke · wall_segment Palisade Wall x21 |
| 1:26 | JayZaddy · wall_segment Palisade Wall x1 |
| 1:27 | JayZaddy · wall_segment Palisade Wall x1 |
| 1:31 | JayZaddy · wall_segment Palisade Wall x1 |
| 1:33 | JayZaddy · wall_segment Palisade Wall x1 |
| 1:40 | JayZaddy · wall_segment Palisade Wall x1 |
| 1:52 | JayZaddy · wall_segment Palisade Wall x1 |
| 1:54 | JayZaddy · wall_segment Palisade Wall x1 |
| 2:03 | nicke · wall_segment Palisade Wall x14 |
| 2:33 | Maxcard · wall_segment Palisade Wall x7 |
| 2:36 | JayZaddy · wall_segment Palisade Wall x1 |
| 2:54 | nicke · wall_segment Palisade Wall x6 |
| 2:58 | BderT · wall_segment Palisade Wall x10 |
| 3:12 | Maxcard · wall_segment Palisade Wall x1 |
| 3:42 | qso214 · first_building Dock |
| 3:53 | BderT · wall_segment Palisade Wall x10 |
| 4:06 | Maxcard · wall_segment Palisade Wall x8 |
| 4:59 | BderT · wall_segment Palisade Wall x3 |
| 5:16 | Maxcard · wall_segment Palisade Wall x9 |
| 5:18 | BderT · wall_segment Palisade Wall x1 |
| 5:42 | BderT · wall_segment Palisade Wall x1 |
| 6:11 | Maxcard · wall_segment Palisade Wall x1 |
| 6:15 | JayZaddy · wall_segment Palisade Wall x10 |
| 6:43 | JayZaddy · wall_segment Palisade Wall x6 |
| 6:49 | Maxcard · first_building Dock |
| 7:23 | Saliniho · first_building Barracks |
| 7:26 | Maxcard · wall_segment Palisade Wall x1 |
| 7:43 | Maxcard · wall_segment Palisade Wall x1 |
| 7:47 | Maxcard · wall_segment Palisade Wall x1 |
| 7:49 | Maxcard · wall_segment Palisade Wall x1 |
| 8:01 | JayZaddy · wall_segment Palisade Wall x7 |
| 8:03 | BderT · first_building Dock |
| 8:09 | Maxcard · wall_segment Palisade Wall x1 |
| 8:10 | Maxcard · wall_segment Palisade Wall x1 |
| 8:17 | JayZaddy · first_building Dock |
| 8:20 | Maxcard · wall_segment Palisade Wall x1 |
| 8:24 | Maxcard · wall_segment Palisade Wall x1 |
| 8:24 | Saliniho · age_up feudal |
| 8:26 | Saliniho · first_building Archery Range |
| 9:16 | BderT · wall_segment Palisade Wall x4 |
| 9:19 | JayZaddy · wall_segment Palisade Wall x1 |
| 9:20 | JayZaddy · wall_segment Palisade Wall x1 |
| 9:24 | BderT · wall_segment Palisade Wall x5 |
| 9:28 | BderT · wall_segment Palisade Wall x3 |
| 10:07 | BderT · wall_segment Palisade Wall x4 |
| 10:10 | BderT · wall_segment Palisade Wall x4 |
| 10:24 | JayZaddy · wall_segment Palisade Wall x1 |
| 10:27 | BderT · first_building Barracks |
| 10:50 | JayZaddy · age_up feudal |
| 10:51 | qso214 · age_up feudal |
| 10:55 | BderT · age_up feudal |
| 10:57 | Saliniho · wall_segment Stone Wall x9 |
| 10:59 | Maxcard · wall_segment Palisade Wall x6 |
| 11:02 | nicke · age_up feudal |
| 11:04 | nicke · wall_segment Stone Wall x6 |
| 11:05 | Maxcard · wall_segment Palisade Wall x7 |
| 11:06 | cowboy · age_up feudal |
| 11:06 | Saliniho · wall_segment Stone Wall x8 |
| 11:09 | nicke · wall_segment Stone Wall x11 |
| 11:30 | game122 · age_up feudal |
| 11:57 | Maxcard · wall_segment Palisade Wall x7 |
| 12:14 | nicke · wall_segment Stone Wall x8 |
| 12:25 | nicke · wall_segment Stone Wall x12 |
| 12:25 | Maxcard · age_up feudal |
| 12:36 | Maxcard · wall_segment Stone Wall x8 |
| 12:38 | Maxcard · wall_segment Stone Wall x11 |
| 13:24 | BderT · first_building Archery Range |
| 13:29 | Maxcard · wall_segment Stone Wall x8 |
| 14:06 | game122 · wall_segment Palisade Wall x10 |
| 14:21 | game122 · first_market_buy 100 stone |
| 14:32 | nicke · first_market_sell 100 food |
| 14:37 | qso214 · age_up castle |
| 15:09 | nicke · first_building Barracks |
| 15:12 | JayZaddy · wall_segment Palisade Wall x1 |
| 15:20 | Saliniho · wall_segment Palisade Wall x1 |
| 15:27 | cowboy · age_up castle |
| 15:40 | game122 · age_up castle |
| 15:50 | Saliniho · wall_segment Stone Wall x4 |
| 16:21 | cowboy · first_market_buy 100 stone |
| 16:37 | Saliniho · first_building Dock |
| 17:06 | Maxcard · age_up castle |
| 17:43 | nicke · age_up castle |
| 18:01 | Saliniho · wall_segment Stone Wall x1 |
| 18:01 | JayZaddy · age_up castle |
| 18:02 | Saliniho · wall_segment Stone Wall x1 |
| 18:03 | Saliniho · wall_segment Stone Wall x5 |
| 18:05 | Saliniho · wall_segment Stone Wall x1 |
| 18:05 | Saliniho · wall_segment Stone Wall x1 |
| 18:06 | Saliniho · wall_segment Stone Wall x1 |
| 18:07 | Saliniho · wall_segment Stone Wall x1 |
| 18:07 | Saliniho · wall_segment Stone Wall x1 |
| 18:08 | Saliniho · wall_segment Stone Wall x1 |
| 18:08 | Saliniho · wall_segment Stone Wall x2 |
| 18:08 | Saliniho · wall_segment Stone Wall x1 |
| 18:08 | Saliniho · wall_segment Stone Wall x1 |
| 18:13 | nicke · first_market_buy 100 wood |
| 18:38 | Maxcard · first_market_sell 100 food |
| 18:38 | Maxcard · first_market_buy 100 wood |
| 19:26 | game122 · wall_segment Stone Wall x10 |
| 19:36 | game122 · wall_segment Stone Wall x11 |
| 20:05 | BderT · first_market_buy 100 wood |
| 20:14 | BderT · first_market_sell 100 stone |
| 20:57 | JayZaddy · first_building Siege Workshop |
| 21:18 | game122 · wall_segment Stone Wall x9 |
| 21:43 | JayZaddy · first_building Barracks |
| 22:19 | JayZaddy · first_building Castle |
| 22:24 | cowboy · wall_segment Stone Wall x7 |
| 22:27 | cowboy · wall_segment Stone Wall x1 |
| 22:28 | cowboy · wall_segment Stone Wall x1 |
| 22:36 | game122 · wall_segment Stone Wall x10 |
| 22:43 | cowboy · wall_segment Stone Wall x24 |
| 22:57 | Saliniho · age_up castle |
| 23:08 | Saliniho · first_building Monastery |
| 23:20 | qso214 · first_building Castle |
| 23:25 | Maxcard · first_building Monastery |
| 23:28 | BderT · age_up castle |
| 23:30 | BderT · first_building Castle |
| 23:56 | cowboy · wall_segment Stone Wall x15 |
| 24:13 | Maxcard · first_building Castle |
| 24:38 | qso214 · first_building Monastery |
| 24:46 | game122 · wall_segment Stone Wall x1 |
| 24:47 | game122 · wall_segment Stone Wall x1 |
| 24:49 | game122 · wall_segment Stone Wall x3 |
| 24:54 | Saliniho · first_building Stable |
| 24:56 | game122 · wall_segment Stone Wall x1 |
| 24:58 | game122 · wall_segment Stone Wall x9 |
| 25:09 | BderT · first_building Siege Workshop |
| 25:27 | JayZaddy · first_building Monastery |
| 25:48 | qso214 · first_building Barracks |
| 26:05 | game122 · first_building Monastery |
| 26:29 | qso214 · first_building Siege Workshop |
| 26:41 | game122 · first_market_sell 100 food |
| 26:52 | cowboy · first_building Monastery |
| 26:56 | game122 · wall_segment Stone Wall x8 |
| 27:03 | qso214 · first_building Stable |
| 27:03 | game122 · wall_segment Stone Wall x5 |
| 27:13 | qso214 · first_building Archery Range |
| 27:19 | game122 · first_building Siege Workshop |
| 27:35 | cowboy · first_building Barracks |
| 27:35 | game122 · wall_segment Stone Wall x19 |
| 27:46 | game122 · wall_segment Stone Wall x26 |
| 28:05 | BderT · first_building Monastery |
| 28:07 | cowboy · first_building Archery Range |
| 28:14 | game122 · wall_segment Stone Wall x5 |
| 28:34 | cowboy · first_building Castle |
| 28:50 | game122 · first_building Castle |
| 28:58 | game122 · first_building Barracks |
| 29:05 | qso214 · age_up imperial |
| 29:17 | game122 · wall_segment Stone Wall x5 |
| 29:29 | JayZaddy · first_building Stable |
| 29:43 | game122 · wall_segment Stone Wall x8 |
| 29:58 | nicke · first_building Monastery |
| 30:09 | game122 · age_up imperial |
| 30:18 | Maxcard · first_building Barracks |
| 30:27 | cowboy · age_up imperial |
| 30:39 | cowboy · first_market_sell 100 food |
| 30:45 | nicke · first_building Stable |
| 30:47 | Saliniho · wall_segment Stone Wall x8 |
| 30:48 | JayZaddy · age_up imperial |
| 30:52 | Saliniho · wall_segment Stone Wall x7 |
| 30:56 | game122 · wall_segment Stone Wall x9 |
| 31:01 | game122 · wall_segment Stone Wall x4 |
| 31:20 | Maxcard · first_building Stable |
| 31:38 | game122 · wall_segment Stone Wall x7 |
| 31:48 | cowboy · first_building Siege Workshop |
| 31:51 | BderT · wall_segment Stone Wall x9 |
| 31:56 | nicke · first_building Castle |
| 32:13 | Saliniho · first_building Siege Workshop |
| 32:15 | Saliniho · age_up imperial |
| 32:28 | Maxcard · age_up imperial |
| 33:24 | nicke · age_up imperial |
| 33:37 | Maxcard · tribute_sent a jugador 2 |
| 33:37 | Maxcard · tribute_sent a jugador 3 |
| 33:37 | Maxcard · tribute_sent a jugador 4 |
| 33:37 | Maxcard · tribute_sent a jugador 5 |
| 33:37 | Maxcard · tribute_sent a jugador 6 |
| 33:37 | Maxcard · tribute_sent a jugador 7 |
| 33:37 | Maxcard · tribute_sent a jugador 8 |
| 33:47 | JayZaddy · first_market_sell 500 wood |
| 34:05 | Saliniho · first_market_sell 100 food |
| 34:19 | Saliniho · first_building Castle |
| 34:25 | Maxcard · wall_segment Stone Wall x1 |
| 36:08 | Maxcard · wall_segment Stone Wall x16 |
| 36:50 | qso214 · first_market_sell 500 food |
| 36:54 | qso214 · first_market_buy 500 food |
| 37:07 | nicke · first_building Archery Range |
| 37:39 | cowboy · wall_segment Stone Wall x27 |
| 38:44 | Saliniho · wall_segment Stone Wall x7 |
| 39:09 | BderT · age_up imperial |
| 39:42 | nicke · first_building Siege Workshop |
| 39:52 | Maxcard · tribute_sent a jugador 2 |
| 39:52 | Maxcard · tribute_sent a jugador 3 |
| 39:52 | Maxcard · tribute_sent a jugador 4 |
| 39:52 | Maxcard · tribute_sent a jugador 5 |
| 39:52 | Maxcard · tribute_sent a jugador 6 |
| 39:52 | Maxcard · tribute_sent a jugador 7 |
| 39:52 | Maxcard · tribute_sent a jugador 8 |
| 44:19 | JayZaddy · first_building Archery Range |
| 44:28 | BderT · first_building Stable |
| 44:59 | game122 · first_building Archery Range |
| 45:43 | cowboy · wall_segment Stone Wall x6 |
| 46:28 | BderT · wall_segment Stone Wall x8 |
| 46:35 | BderT · wall_segment Stone Wall x9 |
| 47:53 | game122 · tribute_sent a jugador 1 |
| 47:53 | game122 · tribute_sent a jugador 2 |
| 47:53 | game122 · tribute_sent a jugador 3 |
| 47:53 | game122 · tribute_sent a jugador 4 |
| 47:53 | game122 · tribute_sent a jugador 5 |
| 47:53 | game122 · tribute_sent a jugador 6 |
| 47:53 | game122 · tribute_sent a jugador 7 |
| 49:24 | JayZaddy · tribute_sent a jugador 1 |
| 49:24 | JayZaddy · tribute_sent a jugador 3 |
| 49:24 | JayZaddy · tribute_sent a jugador 4 |
| 49:24 | JayZaddy · tribute_sent a jugador 5 |
| 49:25 | JayZaddy · tribute_sent a jugador 6 |
| 49:25 | JayZaddy · tribute_sent a jugador 7 |
| 49:25 | JayZaddy · tribute_sent a jugador 8 |
| 49:49 | game122 · tribute_sent a jugador 1 |
| 49:49 | game122 · tribute_sent a jugador 2 |
| 49:49 | game122 · tribute_sent a jugador 3 |
| 49:49 | game122 · tribute_sent a jugador 4 |
| 49:49 | game122 · tribute_sent a jugador 5 |
| 49:49 | game122 · tribute_sent a jugador 6 |
| 49:49 | game122 · tribute_sent a jugador 7 |
| 50:38 | cowboy · tribute_sent a jugador 1 |
| 50:38 | cowboy · tribute_sent a jugador 2 |
| 50:38 | cowboy · tribute_sent a jugador 3 |
| 50:38 | cowboy · tribute_sent a jugador 4 |
| 50:38 | cowboy · tribute_sent a jugador 6 |
| 50:38 | cowboy · tribute_sent a jugador 7 |
| 50:38 | cowboy · tribute_sent a jugador 8 |
| 51:22 | JayZaddy · tribute_sent a jugador 1 |
| 51:22 | JayZaddy · tribute_sent a jugador 3 |
| 51:22 | JayZaddy · tribute_sent a jugador 4 |
| 51:22 | JayZaddy · tribute_sent a jugador 5 |
| 51:22 | JayZaddy · tribute_sent a jugador 6 |
| 51:22 | JayZaddy · tribute_sent a jugador 7 |
| 51:22 | JayZaddy · tribute_sent a jugador 8 |
| 53:33 | nicke · tribute_sent a jugador 1 |
| 53:33 | nicke · tribute_sent a jugador 2 |
| 53:33 | nicke · tribute_sent a jugador 3 |
| 53:33 | nicke · tribute_sent a jugador 5 |
| 53:33 | nicke · tribute_sent a jugador 6 |
| 53:33 | nicke · tribute_sent a jugador 7 |
| 53:33 | nicke · tribute_sent a jugador 8 |
| 54:12 | game122 · tribute_sent a jugador 1 |
| 54:12 | game122 · tribute_sent a jugador 2 |
| 54:12 | game122 · tribute_sent a jugador 3 |
| 54:12 | game122 · tribute_sent a jugador 4 |
| 54:12 | game122 · tribute_sent a jugador 5 |
| 54:12 | game122 · tribute_sent a jugador 6 |
| 54:12 | game122 · tribute_sent a jugador 7 |
| 55:06 | Maxcard · first_building Archery Range |
| 57:03 | nicke · tribute_sent a jugador 1 |
| 57:03 | nicke · tribute_sent a jugador 2 |
| 57:03 | nicke · tribute_sent a jugador 3 |
| 57:03 | nicke · tribute_sent a jugador 5 |
| 57:03 | nicke · tribute_sent a jugador 6 |
| 57:03 | nicke · tribute_sent a jugador 7 |
| 57:03 | nicke · tribute_sent a jugador 8 |
| 57:05 | cowboy · tribute_sent a jugador 1 |
| 57:05 | cowboy · tribute_sent a jugador 2 |
| 57:05 | cowboy · tribute_sent a jugador 3 |
| 57:05 | cowboy · tribute_sent a jugador 4 |
| 57:05 | cowboy · tribute_sent a jugador 6 |
| 57:05 | cowboy · tribute_sent a jugador 7 |
| 57:05 | cowboy · tribute_sent a jugador 8 |
| 57:23 | JayZaddy · tribute_sent a jugador 1 |
| 57:23 | JayZaddy · tribute_sent a jugador 3 |
| 57:23 | JayZaddy · tribute_sent a jugador 4 |
| 57:23 | JayZaddy · tribute_sent a jugador 5 |
| 57:23 | JayZaddy · tribute_sent a jugador 6 |
| 57:23 | JayZaddy · tribute_sent a jugador 7 |
| 57:23 | JayZaddy · tribute_sent a jugador 8 |
| 57:24 | BderT · tribute_sent a jugador 1 |
| 57:24 | BderT · tribute_sent a jugador 2 |
| 57:24 | BderT · tribute_sent a jugador 4 |
| 57:24 | BderT · tribute_sent a jugador 5 |
| 57:24 | BderT · tribute_sent a jugador 6 |
| 57:24 | BderT · tribute_sent a jugador 7 |
| 57:24 | BderT · tribute_sent a jugador 8 |
| 57:49 | JayZaddy · tribute_sent a jugador 1 |
| 57:49 | JayZaddy · tribute_sent a jugador 3 |
| 57:49 | JayZaddy · tribute_sent a jugador 4 |
| 57:49 | JayZaddy · tribute_sent a jugador 5 |
| 57:49 | JayZaddy · tribute_sent a jugador 6 |
| 57:49 | JayZaddy · tribute_sent a jugador 7 |
| 57:49 | JayZaddy · tribute_sent a jugador 8 |
| 58:10 | cowboy · tribute_sent a jugador 1 |
| 58:10 | cowboy · tribute_sent a jugador 2 |
| 58:10 | cowboy · tribute_sent a jugador 3 |
| 58:10 | cowboy · tribute_sent a jugador 4 |
| 58:10 | cowboy · tribute_sent a jugador 6 |
| 58:10 | cowboy · tribute_sent a jugador 7 |
| 58:10 | cowboy · tribute_sent a jugador 8 |
| 58:56 | game122 · tribute_sent a jugador 1 |
| 58:56 | game122 · tribute_sent a jugador 2 |
| 58:56 | game122 · tribute_sent a jugador 3 |
| 58:56 | game122 · tribute_sent a jugador 4 |
| 58:56 | game122 · tribute_sent a jugador 5 |
| 58:56 | game122 · tribute_sent a jugador 6 |
| 58:56 | game122 · tribute_sent a jugador 7 |
| 59:02 | JayZaddy · tribute_sent a jugador 1 |
| 59:02 | JayZaddy · tribute_sent a jugador 3 |
| 59:02 | JayZaddy · tribute_sent a jugador 4 |
| 59:02 | JayZaddy · tribute_sent a jugador 5 |
| 59:02 | JayZaddy · tribute_sent a jugador 6 |
| 59:02 | JayZaddy · tribute_sent a jugador 7 |
| 59:02 | JayZaddy · tribute_sent a jugador 8 |
| 59:06 | BderT · tribute_sent a jugador 1 |
| 59:06 | BderT · tribute_sent a jugador 2 |
| 59:06 | BderT · tribute_sent a jugador 4 |
| 59:06 | BderT · tribute_sent a jugador 5 |
| 59:06 | BderT · tribute_sent a jugador 6 |
| 59:06 | BderT · tribute_sent a jugador 7 |
| 59:06 | BderT · tribute_sent a jugador 8 |
| 59:58 | cowboy · first_building Stable |
| 60:18 | JayZaddy · tribute_sent a jugador 1 |
| 60:18 | JayZaddy · tribute_sent a jugador 3 |
| 60:18 | JayZaddy · tribute_sent a jugador 4 |
| 60:18 | JayZaddy · tribute_sent a jugador 5 |
| 60:18 | JayZaddy · tribute_sent a jugador 6 |
| 60:18 | JayZaddy · tribute_sent a jugador 7 |
| 60:18 | JayZaddy · tribute_sent a jugador 8 |
| 61:18 | nicke · tribute_sent a jugador 1 |
| 61:18 | nicke · tribute_sent a jugador 2 |
| 61:18 | nicke · tribute_sent a jugador 3 |
| 61:18 | nicke · tribute_sent a jugador 5 |
| 61:18 | nicke · tribute_sent a jugador 6 |
| 61:18 | nicke · tribute_sent a jugador 7 |
| 61:18 | nicke · tribute_sent a jugador 8 |
| 62:15 | JayZaddy · tribute_sent a jugador 1 |
| 62:15 | JayZaddy · tribute_sent a jugador 3 |
| 62:15 | JayZaddy · tribute_sent a jugador 4 |
| 62:15 | JayZaddy · tribute_sent a jugador 5 |
| 62:15 | JayZaddy · tribute_sent a jugador 6 |
| 62:15 | JayZaddy · tribute_sent a jugador 7 |
| 62:15 | JayZaddy · tribute_sent a jugador 8 |
| 62:20 | JayZaddy · tribute_sent a jugador 1 |
| 62:20 | JayZaddy · tribute_sent a jugador 3 |
| 62:20 | JayZaddy · tribute_sent a jugador 4 |
| 62:20 | JayZaddy · tribute_sent a jugador 5 |
| 62:20 | JayZaddy · tribute_sent a jugador 6 |
| 62:20 | JayZaddy · tribute_sent a jugador 7 |
| 62:20 | JayZaddy · tribute_sent a jugador 8 |
| 62:29 | BderT · tribute_sent a jugador 1 |
| 62:29 | BderT · tribute_sent a jugador 2 |
| 62:29 | BderT · tribute_sent a jugador 4 |
| 62:29 | BderT · tribute_sent a jugador 5 |
| 62:29 | BderT · tribute_sent a jugador 6 |
| 62:29 | BderT · tribute_sent a jugador 7 |
| 62:29 | BderT · tribute_sent a jugador 8 |
| 62:45 | JayZaddy · resign |
[ ANÁLISIS IA · 1 CRÉDITO ]
¿Qué pasó realmente en esta partida?
Wolo.gg analiza cada decisión: build order, eco, micro, errores típicos por bracket. Análisis personalizado por WhatsApp o Discord en 30 segundos.
Guía civ
Malayos
Perfil
Jugador #4176997